 Seeded DCSS version 0.30-a0-718-geaa24f58ff (webtiles) character file.

Game seed: 4530087695536111545 (custom seed)

188263 purpskrrrp the Peltast (level 18, -1/155 HPs)
             Began as a Formicid Fighter on Jan 25, 2023.
             Was the Champion of Cheibriados.
             Killed from afar by Nikola (71 damage)
             ... with an arc of chain lightning
             ... on level 1 of the Spider Nest.
             The game lasted 01:02:36 (26894 turns).

purpskrrrp the Peltast (Formicid Fighter)          Turns: 26894, Time: 01:02:36

Health: -1/155     AC: 32    Str: 47    XL:     18   Next: 74%
Magic:  0/18       EV: 26    Int: 23    God:    Cheibriados [******]
Gold:   2612       SH: 22    Dex: 35    Spells: 17/17 levels left

rFire   + + +      SeeInvis +    R - +10 lance "Wyrmbane" {slay drac, rPois rF+ rC+ AC+3}
rCold   + + +      Faith    .    k - +2 kite shield {reflect}
rNeg    . . .      Spirit   +    B - +9 plate armour {ponderous}
rPois   +          Reflect  +    (helmet unavailable)
rElec   .          Harm     +    j - scarf {rC+ rF+}
rCorr   .          Rampage  .    U - +0 pair of gloves
Will    +....                    f - +0 pair of boots Stlth
                                 V - amulet "Dotif" {Spirit Harm rF+ Dex+7 SInv}
HPRegen 0.45/turn                s - +5 ring of evasion
MPRegen 0.16/turn                D - ring "Yrphinic" {Str+3 Slay+4}

@: studying Necromancy, very slow
A: permanent stasis, dig shafts and tunnels, antennae 3, four strong arms, cold
resistance 1, subdued magic 1
}: 1/15 runes: barnacled
a: Dig, Shaft Self, Renounce Religion, Bend Time, Temporal Distortion, Slouch,
Step From Time


You were on level 1 of the Spider Nest.
You worshipped Cheibriados.
Cheibriados was exalted by your worship.
You visited 6 branches of the dungeon, and saw 28 of its levels.
You also visited: Gauntlet, Ice Cave and Volcano.

You collected 3061 gold pieces.
You spent 449 gold pieces at shops.

Inventory:

Hand Weapons
 R - the +10 lance "Wyrmbane" (weapon) {slay drac, rPois rF+ rC+ AC+3}
   (You found it on level 12 of the Dungeon)

   AC:        It affects your AC (+3).
   rF:        It protects you from fire.
   rC:        It protects you from cold.
   rPois:     It protects you from poison.
Missiles
 i - 4 throwing nets
 H - 22 poisoned darts
Armour
 c - a +1 buckler
 f - a +0 pair of boots (worn)
 j - a scarf of resistance (worn)
 k - a +2 kite shield of reflection (worn)
 B - a +9 plate armour of ponderousness (worn)
 I - a +0 cloak
 U - a +0 pair of gloves (worn)
Jewellery
 e - a +4 ring of protection
 o - a ring of willpower
 p - a ring of positive energy
 r - a +6 ring of dexterity
 s - a +5 ring of evasion (left hand)
 u - a +5 ring of evasion
 v - a ring of poison resistance
 D - the ring "Yrphinic" (right hand) {Str+3 Slay+4}
   (You found it on level 4 of the Shoals)

   [ring of slaying]

   Str:       It affects your strength (+3).
   Slay:      It affects your accuracy & damage with ranged weapons and melee
   (+4).
 K - a ring of positive energy
 V - the amulet "Dotif" (around neck) {Spirit Harm rF+ Dex+7 SInv}
   (You found it in a Gauntlet)

   [amulet of guardian spirit]

   It causes incoming damage to be divided between your reserves of health and
   magic.
   Dex:       It affects your dexterity (+7).
   rF:        It protects you from fire.
   SInv:      It lets you see invisible.
   Harm:      It increases damage dealt and taken.
Wands
 d - a wand of flame (28)
 m - a wand of iceblast (16)
 n - a wand of mindburst (1)
 w - a wand of quicksilver (8)
 z - a wand of polymorph (3)
 L - a wand of paralysis (22)
 Z - a wand of digging (12)
Scrolls
 g - 4 scrolls of magic mapping
 h - 8 scrolls of identify
 l - 2 scrolls of fear
 x - 2 scrolls of amnesia
 y - 3 scrolls of fog
 A - 2 scrolls of silence
 C - 3 scrolls of poison
 O - 2 scrolls of enchant weapon
Potions
 a - 4 potions of might
 b - 3 potions of flight
 q - a potion of magic {unknown}
 t - 6 potions of curing
 G - a potion of invisibility
 M - 2 potions of resistance
 P - a potion of heal wounds
Miscellaneous
 S - a phantom mirror


   Skills:
 * Level 17.3 Fighting
 - Level 11.2(13.6) Axes
 + Level 12.5(14.2) Polearms
 + Level 15.4 Armour
 + Level 10.2 Dodging
 * Level 20.2 Shields


You had 17 spell levels left.
You didn't know any spells.
Your spell library contained the following spells:

 Spells                   Type           Power      Damage    Failure   Level
 Freeze                   Ice            0%         1d3       47%         1
 Magic Dart               Conj           0%         1d3       47%         1
 Sandblast                Erth           0%         2d4       47%         1
 Slow                     Hex            0%         N/A       47%         1
 Call Imp                 Summ           0%         N/A       61%         2
 Ensorcelled Hibernation  Hex/Ice        0%         N/A       61%         2
 Passwall                 Tmut/Erth      0%         N/A       61%         2
 Searing Ray              Conj           0%         2d4       61%         2
 Wereblood                Tmut           0%         N/A       61%         2
 Call Canine Familiar     Summ           0%         N/A       85%         3
 Confusing Touch          Hex            0%         N/A       85%         3
 Dazzling Flash           Conj/Hex       0%         N/A       85%         3
 Frozen Ramparts          Ice            0%         1d1       85%         3
 Hailstorm                Conj/Ice       0%         3d3       85%         3
 Ignite Poison            Fire/Tmut/Pois 0%         N/A       85%         3
 Mephitic Cloud           Conj/Pois/Air  0%         N/A       85%         3
 Ozocubu's Armour         Ice            0%         N/A       85%         3
 Portal Projectile        Hex/Tloc       0%         N/A       85%         3
 Spider Form              Tmut/Pois      0%         N/A       85%         3
 Stone Arrow              Conj/Erth      0%         3d7       85%         3
 Vampiric Draining        Necr           0%         2d6       85%         3
 Anguish                  Hex/Necr       0%         N/A       99%         4
 Animate Armour           Summ/Erth      0%         N/A       99%         4
 Fulminant Prism          Conj/Hex       0%         3d5       99%         4
 Ice Form                 Ice/Tmut       0%         N/A       99%         4
 Leda's Liquefaction      Hex/Erth       0%         N/A       99%         4
 Olgreb's Toxic Radiance  Pois           0%         N/A       99%         4
 Petrify                  Tmut/Erth      0%         N/A       99%         4
 Summon Ice Beast         Ice/Summ       0%         N/A       99%         4
 Agony                    Necr           0%         N/A       100%        5
 Freezing Cloud           Conj/Ice/Air   0%         6-21      100%        5
 Iskenderun's Battlesphe  Conj           0%         2d6       100%        5
 Metabolic Englaciation   Hex/Ice        0%         N/A       100%        5
 Silence                  Hex/Air        0%         N/A       100%        5
 Summon Mana Viper        Hex/Summ       0%         N/A       100%        5
 Iron Shot                Conj/Erth      0%         9d1       100%        6
 Simulacrum               Ice/Necr       0%         N/A       100%        6
 Statue Form              Tmut/Erth      0%         N/A       100%        6
 Monstrous Menagerie      Summ           0%         N/A       100%        7
 Ozocubu's Refrigeration  Ice            0%         4d7       100%        7
 Spellforged Servitor     Conj/Summ      0%         N/A       100%        7
 Borgnjor's Revivificati  Necr           0%         N/A       100%        8
 Ignition                 Fire           0%         3d3       100%        8
 Lehudib's Crystal Spear  Conj/Erth      0%         10d2      100%        8
 Polar Vortex             Ice            0%         N/A       100%        9


Dungeon Overview and Level Annotations

Branches:
Dungeon (15/15)            Temple (1/1) D:6            Lair (5/5) D:10
 Shoals (4/4) Lair:2       Spider (1/4) Lair:3        Slime (0/5) Lair:5
    Orc (2/2) D:9             Elf (0/3) Orc:2        Vaults (0/5) D:13
 Depths (0/4) D:15          IceCv (visited)         Volcano (visited)
Gauntlet (visited)

Altars:
Ashenzari
Cheibriados
Dithmenos
Elyvilon
Fedhas
Gozag
Hepliaklqana
Kikubaaqudgha
Makhleb
Nemelex Xobeh
Okawaru
Qazlal
Ru
Sif Muna
Trog
Uskayaw
Vehumet
Wu Jian
Xom
Yredelemnul
Zin
The Shining One
Jiyva

Shops:
D:4 (   D:5 [   D:8 :   D:10 [   D:14 !   Orc:1 =   Orc:2 :(*[   Shoals:4 =

Portals:
Abyss: Orc:2

Annotations:
Spider:1 Nikola
Orc:2 2 transporters, pigah's ghost, journeyman OpWn


Innate Abilities, Weirdness & Mutations

You cannot be hasted, slowed, berserked, paralysed or teleported.
You can dig through walls and to a lower floor.
You have a pair of large antennae on your head. (SInv)
Your four strong arms can wield two-handed weapons with a shield.
Your flesh is cold resistant. (rC+)
Your spells are a little easier to cast, but a little less powerful.


Message History

Press: ? - help, Dir - move target, f/p - Nikola
Aim: Nikola, wielding a +0 rapier of electrocution, wearing a +1 cloak of poison resistance and wearing a +0 pair of gloves (moderately wounded, about 16% to evade the +10 lance "Wyrmbane")
You puncture Nikola!
Nikola is moderately wounded.
The boulder beetle curls into a ball and begins rolling!
Nikola completely misses you.
Reach: R) +10 lance "Wyrmbane" {slay drac, rPois rF+ rC+ AC+3}
Press: ? - help, Dir - move target, f/p - Nikola
Aim: Nikola, wielding a +0 rapier of electrocution, wearing a +1 cloak of poison resistance and wearing a +0 pair of gloves (moderately wounded, about 16% to evade the +10 lance "Wyrmbane")
You hit Nikola.
Nikola is heavily wounded.
Reach: R) +10 lance "Wyrmbane" {slay drac, rPois rF+ rC+ AC+3}
Press: ? - help, Dir - move target, f/p - Nikola
Aim: Nikola, wielding a +0 rapier of electrocution, wearing a +1 cloak of poison resistance and wearing a +0 pair of gloves (heavily wounded, about 16% to evade the +10 lance "Wyrmbane")
You hit Nikola.
Nikola is heavily wounded.
You block Nikola's attack.
An orb spider comes into view.
Reach: R) +10 lance "Wyrmbane" {slay drac, rPois rF+ rC+ AC+3}
Press: ? - help, Dir - move target, f/p - Nikola
Aim: Nikola, wielding a +0 rapier of electrocution, wearing a +1 cloak of poison resistance and wearing a +0 pair of gloves (heavily wounded, about 16% to evade the +10 lance "Wyrmbane")
You hit Nikola.
Nikola is heavily wounded.
Reach: R) +10 lance "Wyrmbane" {slay drac, rPois rF+ rC+ AC+3}
Press: ? - help, Dir - move target, f/p - Nikola
Aim: Nikola, wielding a +0 rapier of electrocution, wearing a +1 cloak of poison resistance and wearing a +0 pair of gloves (heavily wounded, about 16% to evade the +10 lance "Wyrmbane")
You puncture Nikola!
Nikola is heavily wounded.
You block Nikola's attack. You block the boulder beetle's attack.
The boulder beetle stops rolling and uncurls.
Reach: R) +10 lance "Wyrmbane" {slay drac, rPois rF+ rC+ AC+3}
Press: ? - help, Dir - move target, f/p - Nikola
Aim: Nikola, wielding a +0 rapier of electrocution, wearing a +1 cloak of poison resistance and wearing a +0 pair of gloves (heavily wounded, about 16% to evade the +10 lance "Wyrmbane")
You hit Nikola.
Nikola is heavily wounded.
The boulder beetle misses you.
Nikola says, "You don't look like a good insulator."
Nikola gestures wildly while chanting.
Lightning arcs from Nikola's hands!
The bolt of lightning hits you!!!
You die...

############ #
####..........# ..
#.............. ...
#####.............
....###^................
......(s...#............
........####...........#
....>.#@## #...........#
.....##@.####..........#
.....##B..# #^..........
.... #.°..####....#.....
... ##°....# #...###....
... #......# ##### ###..
#.......# ##. #.......#
## #.......# #.
#.......# #...


You could see Nikola, a boulder beetle and an orb spider.

Vanquished Creatures
  Polyphemus (Shoals:4)
  A kraken (Shoals:3)
  Frances (Shoals:2)
  The ghost of Fein the End of an Era, an adept DsFi of Qazlal (Shoals:3)
  Kirke (Shoals:3)
  Roxanne (Shoals:4)
  Donald (Orc:2)
  An orc warlord (Orc:2)
  An ironbound preserver (D:13)
  2 dire elephants (Lair:5)
  A minotaur (Gauntlet)
  A fire dragon (Volcano)
  8 merfolk impalers
  5 merfolk javelineers
  2 merfolk avatars
  2 ogre magi (D:15)
  11 hydras
  A radroach (Spider:1)
  An alligator (Lair:5)
  5 merfolk aquamancers
  6 centaur warriors
  6 two-headed ogres
  3 alligator snapping turtles
  4 catoblepae
  A deep troll shaman (Lair:5)
  A satyr (Shoals:4)
  7 boulder beetles
  A death knight (D:13)
  The ghost of lotum the Zephyrmancer, a journeyman TeAE of Fedhas (D:11)
  15 death yaks
  Urug (Lair:2)
  3 orc high priests (Orc:2)
  Sonja (Lair:4)
  A sixfirhy (Gauntlet)
  Amaemon (Lair:2)
  11 sea snakes
  A skeletal warrior (D:7)
  2 pharaoh ants (Spider:1)
  2 phantasmal warriors (D:13)
  3 wizards (D:15)
  A kraken simulacrum (Shoals:4)
  6 lindwurms
  13 harpies
  A necromancer (D:15)
  2 deep elf pyromancers
  4 orc knights (Orc:2)
  A deep elf zephyrmancer (D:15)
  An oklob plant (Lair:3)
  15 manticores
  6 orc sorcerers
  16 cyclopes
  12 ugly things
  A moth of wrath (Gauntlet)
  A faun (Shoals:3)
  A manticore (shapeshifter) (D:15)
  A demonic crawler (Spider:1)
  Maurice (D:8)
  6 water nymphs
  2 ice statues (IceCv)
  9 merfolk sirens
  24 elephants
  4 black mambas
  An orange demon (Lair:2)
  4 gargoyles
  Psyche (D:8)
  10 cane toads
  5 rime drakes
  3 unseen horrors
  A yaktaur (D:15)
  4 freezing wraiths
  20 merfolk
  4 trolls
  12 komodo dragons
  3 meliai (D:13)
  2 hornets
  3 polar bears
  9 snapping turtles
  7 wind drakes
  A tarantella (Spider:1)
  Grinder (D:6)
  12 blink frogs
  6 slime creatures
  13 dream sheep
  A meliai zombie (D:15)
  2 jumping spiders (Spider:1)
  2 culicivoras (Spider:1)
  5 flying skulls (Gauntlet)
  7 water elementals
  Sigmund (D:6)
  A wraith (D:7)
  5 wyverns
  A shadow (D:11)
  34 yaks
  A vampire (D:12)
  A golden eye (shapeshifter) (D:13)
  3 hogs (Shoals:4)
  A basilisk (shapeshifter) (D:14)
  7 redbacks
  6 vampire mosquitoes
  6 basilisks
  6 steam dragons
  A harpy simulacrum (IceCv)
  2 wargs
  An acid dragon (D:7)
  A floating eye (shapeshifter) (D:13)
  4 hell hounds (Volcano)
  15 water moccasins
  4 ice beasts (D:6)
  31 orc warriors
  A sky beast (D:7)
  6 black bears
  A hornet zombie (D:6)
  13 wolves
  4 ogres
  10 centaurs
  4 phantoms
  3 kobold brigands
  11 bullfrogs
  Blork the orc (D:6)
  A necrophage (D:6)
  A wyvern zombie (D:6)
  3 scorpions
  2 water moccasin zombies (D:6)
  A gnoll sergeant (D:7)
  8 wights
  3 killer bees (D:8)
  5 electric eels
  12 howler monkeys
  A bullfrog zombie (D:6)
  3 centaur zombies
  20 orc priests
  6 hounds
  6 jellies
  A centaur skeleton (D:6)
  A gnoll bouda (D:9)
  2 iguanas
  A boggart zombie (D:15)
  A polar bear simulacrum (IceCv)
  22 orc wizards
  8 hell rats
  A killer bee zombie (D:6)
  A wolf simulacrum (IceCv)
  A howler monkey zombie (D:6)
  A howler monkey skeleton (D:6)
  11 gnolls
  11 adders
  3 shadow imps (D:6)
  3 white imps
  5 ufetubi
  5 worms
  4 dart slugs
  66 orcs
  4 endoplasms
  2 giant cockroaches (D:2)
  6 goblins
  5 hobgoblins
  2 jackals (D:4)
  4 quokkas
  5 ball pythons
  6 bats
  5 frilled lizards
  19 kobolds
  7 rats
  3 tentacles (Shoals:3)
860 creatures vanquished.

Vanquished Creatures (collateral kills)
  A merfolk impaler (Shoals:4)
  An alligator snapping turtle (Shoals:4)
  2 harpies (Shoals:4)
  A merfolk siren (Shoals:4)
  A merfolk (Shoals:4)
  2 snapping turtles (Shoals:4)
  2 water elementals (Shoals:4)
10 creatures vanquished.

Vanquished Creatures (others)
  A harpy (Shoals:4)
  An ugly thing (IceCv)
  A dream sheep (Shoals:4)
  2 humans (Shoals:4)
  An orc warrior (Orc:2)
  An orc wizard (D:8)
  An orc (D:8)
  25 fungi
  53 plants
  11 tentacles
97 creatures vanquished.

Grand Total: 967 creatures vanquished

Notes
Turn   | Place    | Note
-------+----------+-------------------------------------------
     0 | D:1      | purpskrrrp the Formicid Fighter began the quest for the
                  | Orb.
     0 | D:1      | Reached XP level 1. HP: 18/18 MP: 1/1
   180 | D:1      | Reached XP level 2. HP: 24/24 MP: 2/2
   539 | D:1      | Reached XP level 3. HP: 25/29 MP: 3/3
  1090 | D:2      | Reached XP level 4. HP: 37/37 MP: 4/4
  1537 | D:2      | Gained mutation: You are dopey. (Int -2) [potion of
                  | mutation]
  1537 | D:2      | Gained mutation: You are covered in fur. (AC +1) [potion of
                  | mutation]
  2084 | D:3      | Reached XP level 5. HP: 42/42 MP: 5/5
  2808 | D:4      | Reached skill level 5 in Shields
  3358 | D:4      | Found Zyobekez's Antique Weapon Boutique.
  3427 | D:4      | Reached XP level 6. HP: 49/49 MP: 6/6
  3769 | D:5      | Entered Level 5 of the Dungeon
  3776 | D:5      | Noticed a water moccasin
  3793 | D:5      | Killed a water moccasin
  3794 | D:5      | Reached XP level 7. HP: 50/55 MP: 7/7
  3799 | D:5      | Reached skill level 5 in Fighting
  3799 | D:5      | Reached skill level 5 in Armour
  3799 | D:5      | Reached skill level 6 in Shields
  4046 | D:5      | Found a stormy altar of Qazlal.
  4218 | D:5      | Identified the ring of Xom's Capriciousness {Wiz rN+ Int+3}
  4226 | D:5      | Reached XP level 8. HP: 63/63 MP: 8/8
  4240 | D:5      | Found a radiant altar of Vehumet.
  4289 | D:5      | Found Toaplib's Armour Shoppe.
  4348 | D:5      | Found an opulent altar of Gozag.
  4725 | D:6      | Noticed Grinder
  4735 | D:6      | Reached skill level 7 in Shields
  4743 | D:6      | Reached skill level 5 in Axes
  4750 | D:6      | Killed Grinder
  4773 | D:6      | Noticed Blork the orc
  4785 | D:6      | Killed Blork the orc
  4786 | D:6      | Reached XP level 9. HP: 70/71 MP: 9/9
  4828 | D:6      | Reached skill level 8 in Shields
  4897 | D:6      | Found a white marble altar of Elyvilon.
  4897 | D:6      | Found a bloodstained altar of Trog.
  4973 | D:6      | Reached skill level 9 in Shields
  5180 | D:6      | Found a staircase to the Ecumenical Temple.
  5230 | D:6      | Reached XP level 10. HP: 80/80 MP: 10/10
  5307 | D:6      | Found an iron altar of Okawaru.
  5393 | D:6      | Noticed Sigmund
  5397 | D:6      | Killed Sigmund
  5597 | D:4      | Bought a bloodstained battleaxe for 287 gold pieces
  5597 | D:4      | Identified the +7 battleaxe "Dyrieli" {antimagic, +Blink
                  | Str+2 Dex+3} (You bought it in a shop on level 4 of the
                  | Dungeon)
  5703 | D:7      | Reached skill level 10 in Shields
  5820 | D:7      | Noticed a two-headed ogre
  5825 | D:7      | Killed a two-headed ogre
  5860 | D:7      | Identified the +12 chain mail "Doroib" {rF- Regen+ Int+2}
  6228 | D:7      | Noticed a skeletal warrior
  6229 | D:7      | Noticed a boulder beetle
  6242 | D:7      | Killed a skeletal warrior
  6243 | D:7      | Reached skill level 11 in Shields
  6243 | D:7      | Reached XP level 11. HP: 51/89 MP: 3/11
  6258 | D:7      | Killed a boulder beetle
  6274 | D:7      | Identified the amulet "Remia" {RegenMP rF- rN+ MP+9}
  6285 | D:7      | Found a shimmering altar of Xom.
  6472 | Temple   | Entered the Ecumenical Temple
  6524 | Temple   | Became a worshipper of Cheibriados the Contemplative
  6612 | D:8      | Noticed Maurice
  6629 | D:8      | Killed Maurice
  6681 | D:8      | Found Igas Vel's Self-Improvement Boutique.
  6935 | D:8      | Lost mutation: You are dopey. (Int -2) [potion of mutation]
  6935 | D:8      | Lost mutation: You are covered in fur. (AC +1) [potion of
                  | mutation]
  6935 | D:8      | Gained mutation: Your spells are a little easier to cast,
                  | but a little less powerful. [potion of mutation]
  6935 | D:8      | Gained mutation: Your flesh is cold resistant. (rC+)
                  | [potion of mutation]
  6976 | D:8      | Noticed Psyche
  6981 | D:8      | Killed Psyche
  6985 | D:8      | Reached * piety under Cheibriados
  7328 | D:9      | Found a staircase to the Orcish Mines.
  7401 | D:9      | Reached skill level 10 in Armour
  7520 | D:9      | Reached skill level 10 in Fighting
  7537 | D:9      | Reached ** piety under Cheibriados
  8146 | D:10     | Entered Level 10 of the Dungeon
  8222 | D:10     | Noticed a two-headed ogre
  8230 | D:10     | Reached skill level 1 in Dodging
  8242 | D:10     | Killed a two-headed ogre
  8243 | D:10     | Reached skill level 10 in Axes
  8243 | D:10     | Reached skill level 12 in Shields
  8330 | D:10     | Reached XP level 12. HP: 93/97 MP: 4/12
  8365 | D:10     | Found Atimiesh's Armour Shop.
  8390 | D:10     | Found a staircase to the Lair.
  8806 | D:11     | Reached *** piety under Cheibriados
  8958 | D:11     | Noticed a boulder beetle
  8969 | D:11     | Killed a boulder beetle
  9266 | D:11     | Found a runed translucent gate.
  9267 | D:11     | Found a runed translucent gate.
  9268 | D:11     | Found a runed translucent gate.
  9268 | D:11     | Noticed lotum's ghost (journeyman TeAE)
  9393 | D:11     | Killed lotum's ghost
  9393 | D:11     | Reached **** piety under Cheibriados
  9546 | D:12     | Noticed a boulder beetle
  9558 | D:12     | Killed a boulder beetle
  9888 | D:12     | Found the +8 lance "Wyrmbane" {slay drac, rPois rF+ rC+
                  | AC+3}
 10191 | D:13     | Reached skill level 1 in Polearms
 10199 | D:13     | Reached skill level 13 in Shields
 10307 | D:13     | Identified the +1 leather armour "Ecif" {rC+ rCorr}
 10545 | D:13     | Noticed a two-headed ogre
 10556 | D:13     | Found a gate to the Vaults.
 10556 | D:13     | Noticed an ironbound preserver
 10570 | D:13     | Killed an ironbound preserver
 10571 | D:13     | Reached XP level 13. HP: 77/106 MP: 13/13
 10640 | D:13     | Noticed a five-headed hydra
 10651 | D:13     | Killed a five-headed hydra
 10651 | D:13     | Reached ***** piety under Cheibriados
 10672 | D:13     | Noticed a centaur warrior
 10682 | D:13     | Killed a centaur warrior
 10774 | D:13     | You fall into a shaft and drop 1 floor!
 10799 | D:14     | Found a blossoming altar of Fedhas.
 10904 | D:14     | Reached skill level 5 in Polearms
 10929 | D:14     | Found Wofat's Distillery.
 10948 | D:14     | Found a gate leading to a gauntlet.
 10954 | Gauntlet | Entered a Gauntlet
 10954 | Gauntlet | Found a transporter.
 10954 | Gauntlet | Found a transporter.
 10962 | Gauntlet | Found a transporter.
 10967 | Gauntlet | Found a transporter.
 10975 | Gauntlet | Found a transporter.
 10978 | Gauntlet | Found a transporter.
 10984 | Gauntlet | Found a runed translucent gate.
 10986 | Gauntlet | Found a transporter.
 10987 | Gauntlet | Found a runed translucent gate.
 10988 | Gauntlet | Found a runed translucent gate.
 11003 | Gauntlet | Found a transporter.
 11020 | Gauntlet | Found a transporter.
 11021 | Gauntlet | Found a transporter.
 11029 | Gauntlet | Found a transporter.
 11033 | Gauntlet | Found a transporter.
 11144 | Gauntlet | Reached skill level 5 in Dodging
 11292 | Gauntlet | Identified the amulet "Dotif" {Spirit Harm rF+ Dex+7 SInv}
 11319 | Gauntlet | Noticed a minotaur
 11331 | Gauntlet | Killed a minotaur
 11338 | Gauntlet | Got Acourin's Cyclopedia of the Shapeshifter and
                  | Blasphemous Rites
 11338 | Gauntlet | Got the Teachings on Terra Firma
 11396 | D:14     | Bought a potion of heal wounds for 90 gold pieces
 11396 | D:14     | Bought a potion of might for 72 gold pieces
 11596 | D:14     | Noticed a centaur warrior
 11611 | D:14     | Killed a centaur warrior
 12152 | D:13     | Noticed a centaur warrior
 12156 | D:13     | Noticed a four-headed hydra
 12169 | D:13     | Reached skill level 14 in Shields
 12187 | D:13     | Killed a centaur warrior
 12187 | D:13     | Killed a four-headed hydra
 12188 | D:13     | Reached XP level 14. HP: 41/115 MP: 2/14
 12441 | D:13     | Identified the +1 morningstar of Honesty {speed, rCorr
                  | Int+5 Dex-3}
 12837 | D:15     | Entered Level 15 of the Dungeon
 13144 | D:15     | Found a staircase to the Depths.
 13450 | D:15     | Reached ****** piety under Cheibriados
 14114 | Lair:1   | Entered Level 1 of the Lair of Beasts
 14196 | Lair:1   | Identified the +4 dagger of Growth {flame, rF+ Dex+2}
 14233 | Lair:1   | Reached skill level 15 in Shields
 14670 | Lair:2   | Noticed Amaemon
 14689 | Lair:2   | Killed Amaemon
 14709 | Lair:2   | Reached XP level 15. HP: 122/122 MP: 15/15
 14718 | Lair:2   | Found a frozen archway.
 14749 | IceCv    | Entered an ice cave
 14765 | IceCv    | Found a transporter.
 14775 | IceCv    | Identified the -2 helmet "Feil" {rElec Str+2}
 14776 | IceCv    | Found a transporter.
 15224 | Lair:2   | Noticed Urug
 15239 | Lair:2   | Killed Urug
 15453 | Lair:2   | Found a staircase to the Shoals.
 15588 | Lair:3   | Found a hole to the Spider Nest.
 16067 | Lair:3   | Reached skill level 10 in Polearms
 16485 | Lair:4   | Noticed Sonja
 16530 | Lair:4   | Killed Sonja
 16731 | Lair:4   | You fall into a shaft and drop 1 floor!
 16731 | Lair:5   | Entered Level 5 of the Lair of Beasts
 16759 | Lair:5   | Reached skill level 16 in Shields
 16868 | Lair:5   | Found a dark tunnel.
 16886 | Volcano  | Entered a volcano
 17256 | Lair:5   | Reached XP level 16. HP: 133/133 MP: 16/16
 17485 | Lair:5   | Reached skill level 17 in Shields
 17840 | Lair:4   | Found a snail-covered altar of Cheibriados.
 18943 | Lair:5   | Found a viscous altar of Jiyva.
 18973 | Lair:5   | Found a staircase to the Slime Pits.
 19104 | Lair:5   | Reached skill level 15 in Fighting
 19628 | Lair:5   | Identified a scroll of acquirement
 19788 | Orc:1    | Entered Level 1 of the Orcish Mines
 19850 | Orc:1    | Found Fare's Jewellery Shoppe.
 20086 | Orc:2    | Entered Level 2 of the Orcish Mines
 20456 | Orc:2    | Found a transporter.
 20466 | Orc:2    | Noticed pigah's ghost (journeyman OpWn)
 20467 | Orc:2    | Found a one-way gate to the infinite horrors of the Abyss.
 20470 | Orc:2    | Found a transporter.
 20670 | Orc:2    | Found a staircase to the Elven Halls.
 20767 | Orc:2    | Reached XP level 17. HP: 112/137 MP: 14/17
 20768 | Orc:2    | Found Qexkeb's Armour Shop.
 20775 | Orc:2    | Reached skill level 18 in Shields
 21022 | Orc:2    | Found Woawkaytaa's Assorted Antiques.
 21029 | Orc:2    | Found Ryhuhoh's Antique Weapon Emporium.
 21031 | Orc:2    | Found Iggatrag's Book Shop.
 21264 | Orc:2    | Noticed Donald
 21286 | Orc:2    | Killed Donald
 21412 | Orc:2    | Acquired a scarf of resistance
 21613 | Shoals:1 | Entered Level 1 of the Shoals
 22319 | Shoals:2 | Noticed Frances
 22335 | Shoals:2 | Killed Frances
 23375 | Shoals:3 | Found a runed translucent gate.
 23376 | Shoals:3 | Found a runed translucent gate.
 23377 | Shoals:3 | Found a runed translucent gate.
 23413 | Shoals:3 | Noticed Fein's ghost (adept DsFi)
 23749 | Shoals:3 | Reached skill level 19 in Shields
 23862 | Shoals:3 | Found a basalt altar of Yredelemnul.
 23879 | Shoals:3 | Noticed a kraken
 23913 | Shoals:3 | Killed a kraken
 24072 | Shoals:3 | Killed Fein's ghost
 24094 | Shoals:3 | Reached XP level 18. HP: 67/153 MP: 11/18
 24296 | Shoals:3 | Identified the +2 helmet of Vohistro {Str+2}
 24316 | Shoals:4 | Entered Level 4 of the Shoals
 24319 | Shoals:4 | Noticed Kirke
 24348 | Shoals:3 | Killed Kirke
 24349 | Shoals:3 | Reached skill level 15 in Armour
 24639 | Shoals:4 | Identified Roxanne's Collected Works on the Ground
 24639 | Shoals:4 | Noticed Roxanne
 24652 | Shoals:4 | Killed Roxanne
 24903 | Shoals:4 | Got a barnacled rune of Zot
 24912 | Shoals:4 | Noticed Polyphemus
 24951 | Shoals:4 | Killed Polyphemus
 25041 | Shoals:4 | Reached skill level 10 in Dodging
 25354 | Shoals:4 | Reached skill level 20 in Shields
 26247 | Shoals:4 | Found Neit's Jewellery Shoppe.
 26283 | Shoals:4 | Identified the ring "Yrphinic" {Str+3 Slay+4}
 26748 | Spider:1 | Entered Level 1 of the Spider Nest
 26876 | Spider:1 | Noticed Nikola
 26894 | Spider:1 | Killed from afar by Nikola

Illustrated notes

Levels and vault maps discovered:
D:1:      heliophobic_arrival_battle_scene, layout_basic
D:2:      layout_basic, nicolae_half_adder
D:3:      layout_loops_corners, kennysheep_generic_room_7
D:4:      layout_cave_pods, serial_shops, nicolae_shop_trees
D:5:      layout_basic, mainiacjoe_overflow_24_doors, fiery_altar_vehumet,
          general_overflow_altar, serial_shops, shop, minmay_misc_feat_rugged
D:6:      layout_cave_pools, nicolae_overflow_crystal_walls,
          nicolae_overflow_two_pavilions, minmay_temple_entry_purple_smoke,
          serial_undead, serial_undead_f, serial_undead_e, serial_undead_e,
          serial_undead_d, minmay_joined_circles, uniq_blork_the_orc,
          uniq_sigmund, uniq_grinder
D:7:      layout_loops_cross, xom_teletrap_fun, minmay_the_grid_2x2
          [minmay_the_grid_all_tris, minmay_the_grid_diamond_grid,
          minmay_the_grid_dragon_b,
          minmay_the_grid_prize_four_corners_diamond_a]
D:8:      layout_loops_ring, nicolae_shop_self_help, uniq_maurice, uniq_psyche
D:9:      layout_stronghold, orc_0_dummy, nrook_mini_backslash,
          kennysheep_generic_room_9
D:10:     layout_rooms, lair_entry_dummy, serial_shops, nicolae_shop_stone
D:11:     layout_cave_pools, biasface_ghost_orc_armoury
D:12:     layout_roguey
D:13:     layout_irregular_city, skrybe_vaults_entry_preservation,
          kennysheep_big_empty_room, kennysheep_kite_vault
D:14:     wander_river, layout_basic, serial_shops, shop,
          fedhas_altar_fruit_tree, gauntlet_entry_generic,
          minmay_fractal_squares_diagonal_5
D:15:     grunt_enter_depths_magical_seal, layout_basic,
          hangedman_abyss_or_decor_stagger, minmay_librarian
Temple:   hellmonk_temple_of_storms
Lair:1:   layout_hall_layers, infiniplex_staircase_pool_2
Lair:2:   layout_roguey, elwin_shoals_entry_stream, portal_ice_cave_rime,
          grunt_megastairs_1, uniq_amaemon, uniq_urug
Lair:3:   layout_gridlike, spider_nest_entry_webs
Lair:4:   layout_regular_city, basic_altar, wad_woods_river_01, uniq_sonja
Lair:5:   grunt_lair_end_beastmaster, layout_regular_city,
          nicolae_slime_entry_field_trip, enter_volcano_1,
          nicolae_lair_lil_pond, nicolae_lair_lakeside_cave
Shoals:1: layout_shoals, nicolae_shoals_loop_pool
Shoals:2: layout_shoals, st_cyclops, uniq_frances
Shoals:3: layout_shoals, gammafunk_ghost_tricky_traps,
          wheals_shoals_ruined_temple
Shoals:4: shoals_end_grunt_ice, layout_shoals, minmay_shop_enchanted_jewellery,
          uniq_polyphemus, uniq_roxanne, uniq_kirke
Spider:1: layout_cave_pods, nicolae_spider_not_touching_you, uniq_nikola
Orc:1:    layout_diamond_mine, serial_shops, shop
Orc:2:    st_orc_elflike, layout_caves, gammafunk_ghost_abyssal_escape,
          uniq_donald

Skill      XL: |  1  2  3  4  5  6  7  8  9 10 11 12 13 14 15 16 17 18 |
---------------+-------------------------------------------------------+-----
Fighting       | 4 5 6 7 9 10 11 12 14 15 16 17 | 17.3
Armour         | 4 5 6 7 9 10 11 12 13 14 15 | 15.4
Axes           | 3 4 5 6 8 10 11 | 11.2
Shields        | 5 6 7 9 11 12 13 14 15 16 17 19 20 | 20.2
Dodging        | 1 4 5 6 7 8 9 10 | 10.2
Polearms       | 2 6 9 10 11 12 | 12.5

Action                     |  1- 3 |  4- 6 |  7- 9 | 10-12 | 13-15 | 16-18 || total
---------------------------+-------+-------+-------+-------+-------+-------++-------
  Melee: War axe           |    73 |   132 |   237 |    29 |       |       ||   471
         Battleaxe         |       |       |       |   395 |       |       ||   395
         Lance             |       |       |       |    53 |   953 |  1608 ||  2614
         Unarmed           |       |       |       |       |       |     8 ||     8
  Throw: Throwing net      |       |       |       |       |       |     1 ||     1
Ability: Dig               |     4 |     1 |       |       |     1 |     3 ||     9
  Evoke: Phantom mirror    |       |       |       |       |     1 |     1 ||     2
    Use: Scroll            |       |    13 |       |     6 |    15 |     7 ||    41
         Potion            |       |     2 |     7 |     5 |     5 |     9 ||    28
   Stab: Distracted        |       |       |       |       |       |     2 ||     2
         Held in net/web   |       |       |       |       |       |     1 ||     1
         Petrifying        |       |       |       |       |       |     1 ||     1
         Petrified         |       |       |       |       |       |     1 ||     1
 Armour: Scale mail        |    31 |    51 |       |       |       |       ||    82
         Plate armour      |       |    30 |   174 |   205 |   212 |   229 ||   850
  Dodge: Dodged            |    31 |    58 |    82 |   242 |   499 |   693 ||  1605
  Block: Buckler           |    17 |    48 |   116 |   251 |   387 |   248 ||  1067
         Kite shield       |       |       |       |       |       |   581 ||   581
         Reflection        |       |       |       |       |       |    29 ||    29

Table legend: (Time is in decaauts)
 A = Elapsed time spent in this place.
 B = Non-inter-level travel time spent in this place.
 C = Inter-level travel time spent in this place.
 D = Time resting spent in this place.
 E = Time spent auto-exploring this place.
 F = Levels seen in this place.
 G = Mean time per level.
                   A        B        C        D        E       F      G
               +--------+--------+--------+--------+--------+-----+--------+
         Total |  38551 |  34995 |   3556 |   1974 |  26620 |  31 | 1243.6 |
       Dungeon |  18205 |  16288 |   1917 |    750 |  12619 |  15 | 1213.7 |
        Temple |     78 |     38 |     40 |      0 |     24 |   1 |   78.0 |
          Lair |   8860 |   8001 |    859 |      0 |   6744 |   5 | 1772.0 |
        Shoals |   7536 |   6994 |    542 |    902 |   4736 |   4 | 1884.0 |
   Spider Nest |    206 |    206 |      0 |      0 |    138 |   1 |  206.0 |
  Orcish Mines |   2589 |   2394 |    195 |    322 |   1740 |   2 | 1294.5 |
      Ice Cave |    106 |    106 |      0 |      0 |     34 |   1 |  106.0 |
       Volcano |    416 |    416 |      0 |      0 |    303 |   1 |  416.0 |
      Gauntlet |    553 |    553 |      0 |      0 |    278 |   1 |  553.0 |
               +--------+--------+--------+--------+--------+-----+--------+

Top non-repeatable levels by time:
Shoals:4: 2955 daAuts
  Lair:5: 2539 daAuts
    D:13: 2048 daAuts
  Lair:4: 2024 daAuts
   Orc:2: 1886 daAuts
    D:15: 1821 daAuts
    D:14: 1735 daAuts
  Lair:3: 1714 daAuts
Shoals:3: 1702 daAuts
     D:9: 1698 daAuts
Shoals:2: 1621 daAuts
  Lair:2: 1485 daAuts
Shoals:1: 1257 daAuts
     D:3: 1231 daAuts
    D:11: 1211 daAuts
